 Dungeon Crawl Stone Soup version 0.26-a0-651-gb41185065b (webtiles) character file.

Game seed: 7784657839836151232

12650 zazu2006 the Covert (level 11, -1/96 HPs)
             Began as a Naga Hedge Wizard on Sept 28, 2020.
             Was a Believer of Vehumet.
             Slain by a death yak (21 damage)
             ... on level 3 of the Lair of Beasts.
             The game lasted 00:28:44 (13938 turns).

zazu2006 the Covert (Naga Hedge Wizard)            Turns: 13938, Time: 00:28:45

Health: -1/96      AC: 11    Str: 14    XL:     11   Next: 96%
Magic:  1/30       EV: 13    Int: 17    God:    Vehumet [**....]
Gold:   634        SH:  0    Dex: 13    Spells: 15/24 levels left

rFire    . . .     SeeInvis +   g - +4 rapier (drain)
rCold    . . .     Faith    .   (no shield)
rNeg     . . .     Spirit   .   q - +1 leather armour of Servitude {rElec Slay+3}
rPois    +         Reflect  .   o - +0 helmet
rElec    +         Harm     .   (no cloak)
rCorr    .         Rampage  .   K - +2 pair of gloves {Dex+3}
MR       +....                  (no barding)
Stlth    +++++.....             (no amulet)
HPRegen  0.26/turn              a - ring of magical power
MPRegen  0.22/turn              (no ring)

@: lethally poisoned (-1 -> -10), very slightly contaminated, very slow
A: large, see invisible, deformed body, poison resistance, slowness 2, spit
poison 1, AC +3
a: Spit Poison, Renounce Religion


You were on level 3 of the Lair of Beasts.
You worshipped Vehumet.
Vehumet was pleased with you.
You visited 3 branches of the dungeon, and saw 13 of its levels.
You visited the Abyss 1 time.

You collected 634 gold pieces.

Inventory:

Hand Weapons
 g - a +4 rapier of draining (weapon)
 m - a +2 short sword of venom
 t - a +1 short sword of holy wrath
Armour
 o - a +0 helmet (worn)
 q - the +1 leather armour of Servitude (worn) {rElec Slay+3}
   (You found it on level 8 of the Dungeon)

   It affects your accuracy and damage with ranged weapons and melee attacks
   (+3).
   It insulates you from electricity.
 v - a +1 leather armour of cold resistance
 K - a +2 pair of gloves of dexterity (worn)
 M - the +4 robe of Yredelemnul's Reproof {Int+3}
   (You found it on level 3 of the Lair of Beasts)

   It affects your intelligence (+3).
Jewellery
 a - a ring of magical power (left hand)
 H - an uncursed ring of fire
Wands
 k - a wand of flame (23)
 u - a wand of enslavement (5)
 w - a wand of polymorph (19)
 y - a wand of random effects (35)
Scrolls
 b - 4 scrolls of amnesia
 c - 3 scrolls of remove curse
 f - a scroll of fog {unknown}
 h - 14 scrolls of identify
 i - 3 scrolls of immolation
 j - a scroll of enchant weapon {unknown}
 l - 2 scrolls of noise
 n - 3 scrolls of magic mapping
 x - 3 scrolls of blinking
 C - 2 scrolls of teleportation {unknown}
 E - 2 scrolls of enchant armour {unknown}
 G - a scroll of fear {unknown}
 J - a scroll of random uselessness {unknown}
Potions
 d - 2 potions of might {unknown}
 e - a potion of invisibility
 p - 3 potions of flight {unknown}
 r - 2 potions of brilliance {unknown}
 s - a potion of resistance {unknown}
 z - 2 potions of ambrosia {unknown}
 A - 8 potions of haste {unknown}
 B - a potion of lignification
 D - 6 potions of curing
 F - 3 potions of mutation {unknown}
 L - a potion of stabbing {unknown}


   Skills:
 + Level 5.5 Fighting
 + Level 3.4 Short Blades
 + Level 4.6 Armour
 + Level 7.0 Dodging
 + Level 11.7 Stealth
 + Level 7.0 Spellcasting
 + Level 5.5 Conjurations
   Level 1.0 Summonings
 + Level 2.2 Translocations
 + Level 1.4 Fire Magic
 + Level 4.5 Air Magic
 + Level 8.8 Poison Magic


You had 15 spell levels left.
You knew the following spells:

 Your Spells              Type           Power        Failure   Level
a - Magic Dart            Conj           ###.         1%          1
b - Mephitic Cloud        Conj/Pois/Air  ####....     3%          3
c - Conjure Flame         Conj/Fire      ###.....     10%         3
d - Blink                 Tloc           N/A          9%          2

Your spell library contained the following spells:

 Spells                   Type           Power        Failure   Level
 Searing Ray              Conj           ###...       2%          2
 Corpse Rot               Necr/Air       N/A          9%          2
 Call Imp                 Summ           #.......     14%         2
 Stone Arrow              Conj/Erth      ###...       14%         3
 Slow                     Hex            #.......     22%         2
 Cause Fear               Hex            #.........   80%         4
 Silence                  Hex/Air        ##........   83%         5
 Summon Forest            Summ/Tloc      ##........   90%         5
 Yara's Violent Unravell  Hex/Tmut       #.........   98%         5
 Eringya's Noxious Bog    Tmut/Pois      ###.......   98%         6
 Hydra Form               Tmut           #.........   100%        6
 Summon Hydra             Summ           #.........   100%        7
 Discord                  Hex            #.........   100%        8


Dungeon Overview and Level Annotations

Branches:
Dungeon (8/15)             Temple (1/1) D:7            Lair (4/6) D:8
  Swamp (0/4) Lair:4        Snake (0/4) Lair:4

Altars:
Ashenzari
Cheibriados
Dithmenos
Fedhas
Gozag
Hepliaklqana
Kikubaaqudgha
Makhleb
Nemelex Xobeh
Okawaru
Qazlal
Sif Muna
Trog
Uskayaw
Vehumet
Wu Jian
Xom
Yredelemnul
Zin
The Shining One

Annotations:
D:3 3 runed translucent doors, pkoi's ghost, amateur DrMo


Innate Abilities, Weirdness & Mutations

You cannot wear boots.
Your serpentine skin is tough. (AC +3)
You have supernaturally acute eyesight. (SInv)
Armour fits poorly on your strangely shaped body.
Your system is resistant to poisons. (rPois)
You cover ground very slowly.
You can spit poison.


Message History

The yak gores you but does no damage.
Okay, then.
As you read the scroll labeled TIBUEL JUFUSSIO, it crumbles to dust.
You feel aware of your surroundings.
It was a scroll of magic mapping.
You feel sick. The cane toad stings you.
* * * LOW HITPOINT WARNING * * *
The yak closely misses you.
The yak completely misses the yak.
The yak gores itself!
Flame seeps out of the yak.
The yak gores the yak!
Flame seeps out of the yak.
Press: ? - help, Dir - move target cursor
As you read the scroll labeled ALOIZXIENT, it crumbles to dust.
It was a scroll of blinking.
You feel sick.
The yak is engulfed in blazing flames.
Flame seeps out of the yak.
The yak is engulfed in blazing flames.
Flame seeps out of the yak.
The yak gores something!
You feel sick.
The yak is engulfed in blazing flames.
Flame seeps out of the yak.
The yak closely misses something.
The yak gores itself but does no damage.
You climb upwards.
You feel sick. The death yak gores you!!
You die...

..........###....#.#...##
.................Y....##
......................##
P#..####...............#
######.#......#.##....##
###.###.....#######...#
.#.###......######.#..##
#............P.Y.......#
#.....##.....Y..@.##...#
###.####.....##P.P##..##
#.# #......##..###...#
###.# ##....###...##..##
##..###P..............P
......................##
......................#
##.##.###P#.#.#...#####
###### ###########


You could see 2 death yaks.

Vanquished Creatures
  4 death yaks
  Pikel (D:4)
  A black mamba (Lair:2)
  Psyche (D:8)
  4 cane toads
  3 rime drakes
  3 komodo dragons (Lair:3)
  2 hippogriffs (Lair:3)
  Sigmund (D:4)
  6 yaks (Lair:2)
  Eustachio (D:4)
  2 swamp worms (Lair:3)
  6 water moccasins
  8 porcupines
  A sky beast (D:6)
  An ice beast (D:5)
  3 orc warriors
  3 black bears
  A phantom (D:4)
  3 wolves (D:8)
  2 centaurs (D:5)
  An ogre (D:5)
  2 lemures (D:4)
  2 big kobolds
  7 crocodiles
  8 bullfrogs
  6 scorpions
  A howler monkey (D:2)
  A vampire bat (Lair:2)
  A gnoll shaman (D:6)
  A jelly (D:5)
  7 orc wizards
  9 orc priests
  5 hounds
  An iguana (D:7)
  3 worker ants
  A hound skeleton (D:6)
  2 worker ant zombies
  4 gnolls (D:6)
  5 adders
  2 shadow imps
  A white imp (D:8)
  An ufetubus (D:6)
  An ooze (D:4)
  2 worms
  A dart slug (D:2)
  3 leopard geckos (D:3)
  29 orcs
  A ball python (D:1)
  7 giant cockroaches
  16 goblins
  10 hobgoblins
  11 jackals
  2 quokkas
  15 bats
  5 frilled lizards
  12 kobolds
  A leopard gecko skeleton (D:4)
  A leopard gecko zombie (D:5)
  A quokka skeleton (D:5)
  A quokka zombie (D:7)
  5 rats
252 creatures vanquished.

Vanquished Creatures (others)
  11 fungi
  20 plants
  3 toadstools (D:7)
34 creatures vanquished.

Grand Total: 286 creatures vanquished

Notes
Turn   | Place    | Note
-------+----------+-------------------------------------------
     0 | D:1      | zazu2006 the Naga Hedge Wizard began the quest for the Orb.
     0 | D:1      | Reached XP level 1. HP: 15/15 MP: 4/4
   193 | D:1      | Reached XP level 2. HP: 22/22 MP: 3/6
   927 | D:1      | Reached XP level 3. HP: 26/28 MP: 1/8
   932 | D:1      | Learned a level 3 spell: Mephitic Cloud
   936 | D:1      | Learned a level 3 spell: Conjure Flame
   939 | D:1      | Learned a level 2 spell: Blink
  1526 | D:2      | Found an ancient bone altar of Kikubaaqudgha.
  1560 | D:2      | Reached skill level 1 in Poison Magic
  1560 | D:2      | Reached XP level 4. HP: 35/36 MP: 4/9
  2183 | D:2      | Found a shimmering blue altar of Sif Muna.
  2291 | D:2      | Found a stormy altar of Qazlal.
  2641 | D:3      | Found a runed translucent gate.
  2641 | D:3      | Found a runed translucent gate.
  2646 | D:3      | Found a runed translucent gate.
  2658 | D:3      | Reached XP level 5. HP: 42/42 MP: 8/11
  2812 | D:3      | Reached skill level 1 in Armour
  3130 | D:3      | Found a faded altar of an unknown god.
  3186 | D:3      | Reached XP level 6. HP: 30/50 MP: 7/12
  3581 | D:3      | Noticed pkoi's ghost (amateur DrMo)
  4019 | D:4      | Noticed Sigmund
  4049 | D:4      | Noticed Eustachio
  4061 | D:4      | Reached skill level 1 in Fighting
  4078 | D:4      | Killed Eustachio
  4078 | D:4      | Reached skill level 4 in Stealth
  4078 | D:4      | Reached XP level 7. HP: 11/57 MP: 2/13
  4382 | D:4      | Killed Sigmund
  4431 | D:4      | Noticed Pikel
  4913 | D:4      | Killed Pikel
  4913 | D:4      | Reached skill level 5 in Stealth
  4913 | D:4      | Reached skill level 1 in Air Magic
  4913 | D:4      | Reached skill level 5 in Poison Magic
  4913 | D:4      | Reached XP level 8. HP: 60/68 MP: 5/15
  5063 | D:5      | Entered Level 5 of the Dungeon
  5077 | D:5      | Reached skill level 6 in Stealth
  5144 | D:5      | Reached skill level 5 in Spellcasting
  5357 | D:5      | Found a shadowy altar of Dithmenos.
  5649 | D:5      | Reached XP level 9. HP: 51/75 MP: 10/16
  5659 | D:5      | Reached skill level 7 in Stealth
  6282 | D:6      | Found a stormy altar of Qazlal.
  6476 | D:6      | Found a glowing silver altar of Zin.
  6488 | D:6      | Found an iron altar of Okawaru.
  6488 | D:6      | Found an ornate altar of the Wu Jian Council.
  6490 | D:6      | Found an opulent altar of Gozag.
  6492 | D:6      | Found a broken altar of Ashenzari.
  7197 | D:7      | Reached skill level 8 in Stealth
  7199 | D:7      | Found a bloodstained altar of Trog.
  7260 | D:7      | Found a staircase to the Ecumenical Temple.
  7269 | Temple   | Entered the Ecumenical Temple
  7295 | Temple   | Became a worshipper of Vehumet
  7892 | D:7      | Got a smouldering leather armour
  7893 | D:7      | Identified the +0 leather armour "Pejael" {Dex+4} (You
                  | found it on level 7 of the Dungeon)
  7909 | D:8      | Found a glowing golden altar of the Shining One.
  8035 | D:8      | Reached skill level 9 in Stealth
  8388 | D:8      | Reached XP level 10. HP: 74/87 MP: 18/18
  8478 | D:8      | Found a staircase to the Lair.
  8687 | D:8      | Noticed Psyche
  8701 | D:8      | Cast into level 1 of the Abyss (Psyche)
  8706 | Abyss:1  | Noticed a large abomination
  8739 | Abyss:2  | Found a corrupted altar of Lugonu.
  8746 | D:8      | Escaped the Abyss
  8752 | D:8      | Reached * piety under Vehumet
  8752 | D:8      | Offered knowledge of Freeze by Vehumet.
  8756 | D:8      | Killed Psyche
  8756 | D:8      | Reached skill level 5 in Dodging
  9070 | D:8      | Found a shimmering altar of Xom.
  9166 | D:8      | Found a burning altar of Makhleb.
  9384 | D:8      | Got an encrusted leather armour
  9385 | D:8      | Identified the cursed +1 leather armour of Servitude {rElec
                  | Slay+3} (You found it on level 8 of the Dungeon)
  9600 | Lair:1   | Entered Level 1 of the Lair of Beasts
  9607 | Lair:1   | Noticed a cane toad
  9614 | Lair:1   | Killed a cane toad
  9798 | Lair:1   | Noticed a cane toad
  9808 | Lair:1   | Killed a cane toad
  9808 | Lair:1   | Reached skill level 5 in Fighting
  9865 | Lair:1   | Reached skill level 10 in Stealth
 10299 | Lair:1   | Noticed a cane toad
 10310 | Lair:1   | Killed a cane toad
 10788 | Lair:2   | Reached XP level 11. HP: 90/94 MP: 20/20
 11228 | Lair:2   | Reached skill level 5 in Conjurations
 11311 | Lair:2   | Reached skill level 1 in Fire Magic
 11882 | Lair:3   | Reached ** piety under Vehumet
 11882 | Lair:3   | Reached skill level 11 in Stealth
 11895 | Lair:3   | Offered knowledge of Searing Ray by Vehumet.
 12355 | Lair:3   | Reached skill level 1 in Short Blades
 12632 | Lair:3   | Noticed a death yak
 12641 | Lair:3   | Noticed a death yak
 12675 | Lair:3   | Noticed a death yak
 13335 | Lair:3   | Got a sheer robe
 13338 | Lair:3   | Identified the +4 robe of Yredelemnul's Reproof {Int+3}
                  | (You found it on level 3 of the Lair of Beasts)
 13522 | Lair:3   | Noticed a death yak
 13523 | Lair:3   | Noticed a death yak
 13531 | Lair:3   | Noticed a death yak
 13576 | Lair:3   | Killed a death yak
 13886 | Lair:3   | Killed a death yak
 13887 | Lair:3   | Killed a death yak
 13928 | Lair:4   | Killed a death yak
 13938 | Lair:3   | Slain by a death yak

Illustrated notes

Levels and vault maps discovered:
D:1:      minmay_arrival_cross, layout_loops_cross, st_stairs_7
D:2:      layout_loops_ring, lemuel_coloured_pillars_altar,
          lemuel_crystal_altar, lemuel_round_altar, serial_park_tiny_1
D:3:      cheibrodos_greedy_goblins, layout_loops_ring,
          chequers_ecumenical_altar_simple, gammafunk_ghost_icy
D:4:      layout_cave_pools, uniq_pikel, uniq_eustachio, uniq_sigmund
D:5:      layout_basic, grunt_dithmenos_smoke
D:6:      layout_rooms, kennysheep_mini, minitemple, grunt_decor_cap,
          nicolae_qazlal_style_of_elements
D:7:      layout_loops_ring, overflow_temple_1_default,
          minmay_temple_entry_poolview, serial_co_window_serial,
          co_window_paths_b, co_window_of_opportunity_a, co_window_paths_a,
          co_window_corner_a, co_window_paths_a, co_window_paths_b,
          co_window_paths_b, co_window_of_opportunity_c, co_window_broadway_b,
          co_window_corner_ca, co_window_paths_d, glass_columns_b,
          glass_columns_a, glass_columns_b, glass_columns_b,
          minmay_gold_behind_fungi
D:8:      layout_gridville, kennysheep_little_box, lemuel_round_altar,
          kennysheep_mini_moat, minmay_lair_entry_grove, hex_tiny, uniq_psyche
Temple:   jpeg_temple_island
Lair:1:   layout_hall_layers, infiniplex_staircase_pool_2
Lair:2:   layout_cave_pods, roderic_batcave, minmay_hedge_maze,
          chequers_serial_rivers_large_a
Lair:3:   layout_regular_city, worms_lemuel
Lair:4:   layout_layer_cave, swamp_mist_pool, dummy_snake_entry,
          minmay_lair_oklob_chamber

Skill      XL: |  1  2  3  4  5  6  7  8  9 10 11 |
---------------+----------------------------------+-----
Dodging        | 2 3 4 6 7 |  7.0
Poison Magic   | 1 2 3 5 6 7 8 |  8.8
Spellcasting   | 4 5 6 7 |  7.0
Conjurations   | 2 3 4 5 |  5.5
Armour         | 1 2 3 4 |  4.6
Fighting       | 1 2 3 4 5 |  5.5
Stealth        | 4 5 6 9 10 11 | 11.7
Air Magic      | 1 2 4 |  4.5
Fire Magic     | 1 |  1.4
Short Blades   | 3 |  3.4
Translocations | 2 |  2.2
Summonings     | |  1.0

Action                   |  1- 3 |  4- 6 |  7- 9 | 10-12 || total
-------------------------+-------+-------+-------+-------++-------
Melee: Dagger            |    20 |   147 |    28 |       ||   195
       Rapier            |       |       |   249 |   255 ||   504
       Short sword       |       |       |    32 |    12 ||    44
 Cast: Magic Dart        |    72 |    46 |     1 |     8 ||   127
       Mephitic Cloud    |       |     5 |    22 |    45 ||    72
       Conjure Flame     |       |       |       |     6 ||     6
       Blink             |       |       |       |    12 ||    12
 Abil: Spit Poison       |    13 |    16 |       |     2 ||    31
Evoke: Wand              |       |       |     1 |     2 ||     3
  Use: Potion            |       |     2 |     5 |     1 ||     8
       Scroll            |       |       |     5 |     6 ||    11
 Stab: Sleeping          |     1 |       |     7 |     5 ||    13
       Invisible         |       |     2 |     1 |       ||     3
       Confused          |       |     1 |     9 |    15 ||    25
Armor: Robe              |    13 |       |       |       ||    13
       Leather armour    |     1 |    44 |   119 |   113 ||   277
       Skin              |       |       |    51 |       ||    51
Dodge: Dodged            |    35 |    66 |   174 |   183 ||   458

Table legend: (Time is in decaauts)
 A = Elapsed time spent in this place.
 B = Non-inter-level travel time spent in this place.
 C = Inter-level travel time spent in this place.
 D = Time resting spent in this place.
 E = Time spent auto-exploring this place.
 F = Levels seen in this place.
 G = Mean time per level.
                   A        B        C        D        E       F      G
               +--------+--------+--------+--------+--------+-----+--------+
         Total |  16756 |  16382 |    374 |   3002 |  10560 |  15 | 1117.1 |
       Dungeon |  11484 |  11218 |    266 |   1314 |   8094 |   8 | 1435.5 |
        Temple |     68 |     36 |     32 |      0 |     29 |   1 |   68.0 |
          Lair |   5143 |   5069 |     74 |   1687 |   2437 |   4 | 1285.8 |
         Abyss |     59 |     59 |      0 |      0 |      0 |   2 |   29.5 |
               +--------+--------+--------+--------+--------+-----+--------+

Top non-repeatable levels by time:
  Lair:3: 2047 daAuts
  Lair:2: 1971 daAuts
     D:3: 1927 daAuts
     D:7: 1732 daAuts
     D:8: 1719 daAuts
     D:1: 1697 daAuts
     D:2: 1200 daAuts
     D:5: 1199 daAuts
     D:4: 1181 daAuts
  Lair:1: 1097 daAuts
     D:6: 826 daAuts
  Temple: 68 daAuts
 Abyss:1: 49 daAuts
  Lair:4: 27 daAuts
 Abyss:2: 10 daAuts
